AoeStats
← JamesNewstedd

Black Forest

508914604Analyzed
4v4 RM · 7d ago on Sep 24, 2026· 40m 58s· 8 players
Game mode
Random Map
Map size
Large (8 player)
Population
200
Speed
Normal
Resources
Standard
Victory
Conquest
Starting age
Dark Age
Ending age
Imperial Age
RankedLock teamsTeams togetherTeam positionsShared explorationLock speedFull tech treeHidden civsTurbo modeCheats
Victory
Defeat
🇩🇪 Vietnamese · Germany
1612
+14
🇩🇪 Huns · Germany
1598
+15
🇩🇪 Turks · Germany
1574
+16
🇩🇪 Saracens · Germany
1513
+18
🇨🇱 Byzantines · Chile
1631
-18
🇪🇸 Hindustanis · Spain
1615
-18
🇳🇱 Mongols · Netherlands
1552
-15
🇳🇱 Teutons · Netherlands
1485
-12
leonrules8
11:49 Feudal Age
15:42 Castle Age
13:47 Double-Bit Axe
13:44 Horse Collar
16:56 Bow Saw
20:02 Heavy Plow
22:30 Wheelbarrow
28:11 Imperial Age
25:59 Hand Cart
26:00 Loom
26:33 Scale Barding Armor
26:38 Forging
28:35 Bloodlines
29:22 Chain Barding Armor
29:38 Iron Casting
28:28 Cavalier
29:50 Paladin
31:20 Plate Barding Armor
32:25 Chemistry
31:57 Onager
34:28 Blast Furnace
[CL] ElPali
0:52 Loom
13:04 Feudal Age
17:12 Castle Age
15:41 Stone Mining
16:20 Double-Bit Axe
19:06 Gold Mining
21:15 Horse Collar
24:48 Imperial Age
22:33 Fletching
23:24 Bow Saw
23:50 Bodkin Arrow
23:46 Elite Skirmisher
25:37 Ballistics
26:09 Wheelbarrow
28:29 Chemistry
29:54 Conscription
30:24 Padded Archer Armor
33:19 Thumb Ring
milarreach
8:08 Loom
12:02 Feudal Age
15:43 Castle Age
13:41 Double-Bit Axe
13:37 Horse Collar
17:21 Bow Saw
18:56 Wheelbarrow
20:52 Fishing Lines
22:11 Town Watch
23:43 Gold Mining
24:56 Hand Cart
24:57 Loom
25:29 Gillnets
29:29 Imperial Age
27:17 Padded Archer Armor
28:09 Coinage
27:40 Caravan
27:52 Grand Trunk Road
28:13 Scale Barding Armor
28:01 Fletching
29:07 Leather Archer Armor
29:14 Chain Barding Armor
29:06 Masonry
29:05 Heavy Plow
29:39 Forging
28:51 Light Cavalry
29:42 Bloodlines
29:32 Husbandry
30:30 Conscription
30:11 Shatagni
30:53 Plate Barding Armor
31:26 Chemistry
30:01 Hussar
31:13 Thumb Ring
30:45 Heavy Camel Rider
32:25 Ring Archer Armor
32:32 Iron Casting
35:26 Ballistics
35:29 Bodkin Arrow
36:38 Blast Furnace
37:08 Imperial Camel Rider
JohnnyBravo
0:46 Loom
12:06 Feudal Age
13:44 Double-Bit Axe
16:10 Castle Age
15:39 Fishing Lines
16:46 Double-Bit Axe
18:04 Bow Saw
23:56 Stone Mining
25:42 Gillnets
27:58 Wheelbarrow
27:11 Town Watch
27:58 Horse Collar
28:48 Heavy Plow
29:12 Hand Cart
29:59 Gold Mining
30:11 Fletching
33:28 Imperial Age
31:36 Masonry
31:31 Padded Archer Armor
32:22 Gold Shaft Mining
32:23 Stone Shaft Mining
32:48 Ballistics
32:35 Bodkin Arrow
33:10 Leather Archer Armor
33:46 Bloodlines
33:36 Husbandry
34:02 Thumb Ring
34:12 Bracer
34:40 Conscription
33:57 Elite Mangudai
35:53 Chemistry
35:56 Hoardings
36:35 Drill
37:09 Parthian Tactics
37:12 Siege Engineers
37:07 Capped Ram
39:18 Siege Ram
Öl1ng
12:22 Feudal Age
16:56 Castle Age
14:49 Double-Bit Axe
18:18 Bow Saw
20:12 Horse Collar
21:24 Fishing Lines
21:58 Heavy Plow
22:35 Wheelbarrow
21:47 Town Watch
21:47 Loom
22:58 Gillnets
23:18 Gold Mining
28:17 Imperial Age
27:31 Gold Shaft Mining
27:02 Scale Barding Armor
27:07 Forging
28:05 Chain Barding Armor
27:58 Bloodlines
27:49 Husbandry
28:29 Cavalier
30:06 Hand Cart
31:03 Plate Barding Armor
31:03 Iron Casting
29:50 Paladin
30:45 Capped Ram
31:35 Caravan
31:46 Guilds
32:40 Coinage
31:50 Siege Ram
34:02 Blast Furnace
34:30 Two-Man Saw
34:32 Banking
34:22 Fletching
34:47 Stone Mining
JamesNewstedd
1:16 Loom
13:55 Feudal Age
18:33 Castle Age
17:38 Double-Bit Axe
17:46 Fishing Lines
19:29 Bow Saw
19:49 Town Watch
22:37 Wheelbarrow
23:49 Hand Cart
24:19 Gold Mining
24:24 Gillnets
26:44 Horse Collar
27:59 Stone Mining
32:46 Imperial Age
30:18 Fletching
30:55 Bodkin Arrow
30:43 Treadmill Crane
31:24 Ballistics
31:15 Caravan
31:57 Masonry
32:41 Fortified Wall
32:46 Padded Archer Armor
34:03 Paper Money
35:05 Chemistry
34:09 Bracer
34:51 Leather Archer Armor
37:26 Ring Archer Armor
36:29 Elite Rattan Archer
38:59 Hoardings
39:11 Squires
38:57 Arson
39:50 Guilds
40:04 Thumb Ring
105er.G0ldenFir3
0:39 Loom
14:01 Feudal Age
15:18 Double-Bit Axe
18:04 Castle Age
16:34 Horse Collar
16:38 Fishing Lines
19:03 Bow Saw
19:14 Stone Mining
26:24 Imperial Age
25:21 Gold Mining
26:39 Gillnets
28:40 Gold Shaft Mining
29:33 Gold Shaft Mining
31:08 Padded Archer Armor
31:29 Gillnets
32:42 Two-Man Saw
34:25 Wheelbarrow
35:40 Leather Archer Armor
36:55 Ring Archer Armor
37:50 Hand Cart
39:44 Conscription
39:25 Artillery
40:02 Scale Barding Armor
40:56 Husbandry
41:06 Bloodlines
41:17 Chain Barding Armor
40:25 Heavy Camel Rider
SvenVonE ツ
12:11 Feudal Age
16:25 Castle Age
14:43 Double-Bit Axe
15:32 Fishing Lines
16:31 Horse Collar
17:53 Bow Saw
18:33 Wheelbarrow
24:01 Gold Mining
24:18 Caravan
26:45 Scale Barding Armor
26:50 Forging
27:52 Hand Cart
30:15 Imperial Age
28:08 Chain Barding Armor
28:37 Bloodlines
28:28 Husbandry
29:48 Iron Casting
29:14 Loom
29:38 Heavy Plow
31:34 Plate Barding Armor
30:21 Heavy Camel Rider
32:14 Conscription
34:02 Blast Furnace
33:50 Light Cavalry
40:10 Hussar
Connection lost

Rejoining the realm…

Still unreachable

The connection could not be restored.

Session expired

The server has moved on; the page needs a fresh start.